Match 46011056
Unlisted

Match 46011056
End
Construct Barracks
Selects Advanced Infantry Battlegroup
Riflemen Squad
1⁄4-ton 4x4 Truck
M1 Mortar Team
Riflemen Squad
Infantry Support Center
Selects Convert to Ranger Squad
Convert to Ranger Squad
Convert to Ranger Squad
Advanced Logistics
Ranger Squad
Selects Designate Assault Position
Engineer Squad
Selects Ammunition Storage
Designate Assault Position
Survival Training
Construct Medical Station
Selects Ranger Weapon Training
Construct Tank Depot
Selects M2A1 105mm Howitzer Emplacement
M18 Hellcat Tank Destroyer
M18 Hellcat Tank Destroyer
Selects 155mm Rapid Artillery Barrage
Munitions Surplus
Engineer Squad
Captain Retinue
Construct Weapon Support Center
M18 Hellcat Tank Destroyer
Improved M9 Bazooka Rockets
M18 Hellcat Tank Destroyer
Engineer Squad
Designate Assault Position
Demolitions Package
M4A1 Sherman Medium Tank
tianfenhua123
Amadeus
PovrsAncr
CommieRed
Thank You Chef
Kray-Tos
0
0

Comments sign in to comment!

No comments posted yet!